 Dungeon Crawl Stone Soup version 0.29-a0-294-g83ea962da3 (webtiles) character file.

Game seed: 6574006898130641947

91 kae the Firebug (level 4, 0/25 HPs)
             Began as a Tengu Fire Elementalist on Mar 18, 2022.
             Slain by an ice beast (7 damage)
             ... on level 6 of the Dungeon.
             The game lasted 00:01:43 (2679 turns).

kae the Firebug (Tengu Fire Elementalist)           Turns: 2679, Time: 00:01:43

Health: 0/25       AC:  3    Str:  9    XL:     4   Next: 59%
Magic:  3/9        EV: 12    Int: 17    God:
Gold:   153        SH:  0    Dex: 14    Spells: 2/8 levels left

rFire   . . .      SeeInvis .   h - +0 dagger (elec)
rCold   . . .      Faith    .   (no shield)
rNeg    . . .      Spirit   .   a - +0 robe
rPois   .          Reflect  .   (helmet restricted)
rElec   .          Harm     .   (no cloak)
rCorr   .          Rampage  .   d - +0 pair of gloves
Will    .....                   (boots unavailable)
Stlth   ++........              (no amulet)
HPRegen 0.08/turn               (no ring)
MPRegen 0.11/turn               (no ring)

@: no status effects
A: beak, talons 3
a: no special abilities


You were on level 6 of the Dungeon.
You visited 1 branch of the dungeon, and saw 4 of its levels.

You collected 153 gold pieces.

Inventory:

Hand Weapons
 h - a +0 dagger of electrocution (weapon)
Armour
 a - a +0 robe (worn)
 d - a +0 pair of gloves (worn)
Jewellery
 l - a ring of poison resistance
 n - a +6 ring of intelligence
Scrolls
 e - 2 scrolls of fog
 i - a scroll of noise {unknown}
 m - 2 scrolls of enchant armour {unknown}
 o - 2 scrolls of identify {unknown}
 q - a scroll of blinking {unknown}
Potions
 b - a potion of magic
 g - 2 potions of curing {unknown}
 j - 3 potions of brilliance {unknown}
 k - 2 potions of attraction {unknown}
 p - a potion of lignification {unknown}


   Skills:
 + Level 1.4 Fighting
 - Level 2.1 Dodging
 - Level 2.0 Stealth
 + Level 2.6 Spellcasting
 + Level 2.6 Conjurations
 * Level 4.4 Fire Magic


You had 2 spell levels left.
You knew the following spells:

 Your Spells              Type           Power      Damage    Failure   Level
a - Foxfire               Conj/Fire      56%        2x1d6     4%          1
b - Scorch                Fire           34%        2d6       4%          2
c - Conjure Flame         Conj/Fire      14%        6-21      13%         3

Your spell library contained the following spells:

 Spells                   Type           Power      Damage    Failure   Level
 Sublimation of Blood     Necr           2%         N/A       26%         2
 Wereblood                Tmut           2%         N/A       26%         2
 Inner Flame              Hex/Fire       9%         N/A       22%         3
 Flame Wave               Conj/Fire      14%        2d6       38%         4
 Summon Hydra             Summ           1%         N/A       100%        7


Dungeon Overview and Level Annotations

Branches:
Dungeon (6/15)
 Temple: D:4-7

Altars:

Annotations:
D:2 1 runed translucent door, Crazy Yiuf
D:6 exclusions: ice beast, orc, orc priest, sky beast and steam dragon


Innate Abilities, Weirdness & Mutations

You have a beak for a mouth.
You have claws for feet.


Message History

The foxfire hits the ice beast but does no damage. x2
The foxfire hits the ice beast.
The ice beast is lightly wounded.
Casting: Foxfire (safe; 4% risk of failure)
Confirm with . or Enter, or press ? or * to list all spells.
You conjure some foxfire!
The foxfire hits the ice beast.
The ice beast melts!
The ice beast is lightly wounded.
The foxfire hits the ice beast.
The ice beast melts!
The ice beast is moderately wounded.
The foxfire hits the ice beast.
The ice beast melts!
The ice beast is heavily wounded.
Casting: Foxfire (safe; 4% risk of failure)
Confirm with . or Enter, or press ? or * to list all spells.
You conjure some foxfire!
The foxfire hits the ice beast.
The ice beast melts!
The ice beast is heavily wounded.
The foxfire hits the ice beast.
The ice beast is heavily wounded.
Casting: Foxfire (safe; 4% risk of failure)
Confirm with . or Enter, or press ? or * to list all spells.
You conjure some foxfire!
The foxfire hits the ice beast but does no damage.
The ice beast is heavily wounded.
The foxfire hits the ice beast.
The ice beast melts!
The ice beast is severely wounded.
The ice beast hits you. The ice beast freezes you!
Casting: Foxfire (safe; 4% risk of failure)
Confirm with . or Enter, or press ? or * to list all spells.
You conjure some foxfire!
The ice beast barely misses you.
The foxfire hits the ice beast but does no damage.
The ice beast is severely wounded.
The foxfire hits the ice beast but does no damage.
The ice beast is severely wounded.
The ice beast hits you but does no damage.
Casting: Foxfire (safe; 4% risk of failure)
Confirm with . or Enter, or press ? or * to list all spells.
You conjure some foxfire!
The ice beast hits you.
* * * LOW HITPOINT WARNING * * *
The ice beast freezes you!
You die...

# ####.......# #
#######.# ## #.## * .#
##.### * ## ###....#
************ # #......#
*,,,,,,,,,,, # ****
#......# *,,,,,,,,,,,
***,,* #......##
*,,,,,,,,,,, *#..,,*
#...$.@v#***,,,,,,,,,,,
#...,,*
#.....Yv......,,,,,,,,,
...D,,*
#.............,,,,,,,,,
....,,**
#.......####..,,,,,,,,,
....,,,* #.......#
*,.,,,,,,,,, ....,,,*
#.......# *<,,,,,,,,,*
.Y..,,,* ##......#
*,,,,,,,,,,* ....,,,*
#.)....# **,,,,,,,,**
....,,** *,,,,,,*
*,,,,,,,**


You could see an ice beast (ally target).

Vanquished Creatures
  A jelly (D:6)
  2 worms (D:3)
  2 dart slugs (D:1)
  5 endoplasms
  A giant cockroach (D:2)
  2 hobgoblins
  8 jackals (D:1)
  A quokka (D:1)
  5 ball pythons
  2 bats
  5 frilled lizards
  7 goblins
  4 kobolds
  A rat (D:2)
46 creatures vanquished.

Vanquished Creatures (collateral kills)
  A foxfire (D:1)
1 creature vanquished.

Vanquished Creatures (others)
  149 foxfires
149 creatures vanquished.

Grand Total: 196 creatures vanquished

Notes
Turn   | Place    | Note
-------+----------+-------------------------------------------
     0 | D:1      | kae the Tengu Fire Elementalist began the quest for the
                  | Orb.
     0 | D:1      | Reached XP level 1. HP: 10/10 MP: 4/4
   272 | D:1      | Reached XP level 2. HP: 15/15 MP: 1/6
   544 | D:1      | Found a faded altar of an unknown god.
   544 | D:1      | Noticed a reaper
   729 | D:1      | Reached XP level 3. HP: 20/20 MP: 2/7
  1001 | D:1      | Reached skill level 4 in Fire Magic
  1193 | D:2      | Reached skill level 1 in Fighting
  1433 | D:2      | Found a runed translucent door.
  1434 | D:2      | Noticed Crazy Yiuf
  1622 | D:2      | Identified the +4 dagger "Ickaff Gaeme" {freeze, rPois rC-
                  | rN++ Int+3}
  2226 | D:3      | Reached XP level 4. HP: 25/25 MP: 2/8
  2277 | D:3      | Learned a level 2 spell: Scorch
  2281 | D:3      | Learned a level 3 spell: Conjure Flame
  2288 | D:3      | You fall into a shaft and drop 3 floors!
  2359 | D:6      | Noticed a steam dragon
  2359 | D:6      | Noticed a sky beast
  2445 | D:6      | Noticed an ice beast
  2679 | D:6      | Slain by an ice beast

Illustrated notes

Levels and vault maps discovered:
D:1:      ncdulo_wetmaze, layout_basic, dreamdust_ecumenical_altar_sealed_demon
D:2:      layout_rooms, grunt_ministairs_11, minmay_misc_feat_plants,
          uniq_crazy_yiuf_cottage
D:3:      layout_loops_ring, chequers_temple_overflow_minitemple
D:6:      layout_cave_pods

Skill      XL: |  1  2  3 |
---------------+----------+-----
Conjurations   | 2 |  2.6
Fire Magic     | 4 |  4.4
Fighting       | 1 |  1.4
Dodging        | |  2.1
Stealth        | |  2.0
Spellcasting   | |  2.6

Action                   |  1- 3 |  4- 6 || total
-------------------------+-------+-------++-------
Melee: Dagger            |     8 |       ||     8
       Kick              |     5 |       ||     5
       Unarmed           |     4 |       ||     4
       Peck              |     2 |       ||     2
 Cast: Foxfire           |    74 |    10 ||    84
  Use: Scroll            |     1 |     2 ||     3
 Stab: Sleeping          |     1 |       ||     1
Armor: Robe              |     8 |     1 ||     9
Dodge: Dodged            |    20 |     1 ||    21

Table legend: (Time is in decaauts)
 A = Elapsed time spent in this place.
 B = Non-inter-level travel time spent in this place.
 C = Inter-level travel time spent in this place.
 D = Time resting spent in this place.
 E = Time spent auto-exploring this place.
 F = Levels seen in this place.
 G = Mean time per level.
                   A        B        C        D        E       F      G
               +--------+--------+--------+--------+--------+-----+--------+
         Total |   2684 |   2536 |    148 |     45 |   2116 |   4 |  671.0 |
       Dungeon |   2684 |   2536 |    148 |     45 |   2116 |   4 |  671.0 |
               +--------+--------+--------+--------+--------+-----+--------+

Top non-repeatable levels by time:
     D:1: 1078 daAuts
     D:2: 1002 daAuts
     D:6: 390 daAuts
     D:3: 212 daAuts
